 Dungeon Crawl Stone Soup version 0.21-a0-528-gf531e82 (webtiles) character file.

66 slep the Skirmisher (level 3, -4/29 HPs)
             Began as a Demonspawn Fighter on Dec 9, 2017.
             Was an Initiate of Okawaru.
             Killed from afar by Terence (9 damage)
             ... with a wand of flame (21)
             ... on level 2 of the Dungeon.
             The game lasted 00:04:13 (1024 turns).

slep the Skirmisher (Demonspawn Fighter)            Turns: 1024, Time: 00:04:13

Health: -4/29      AC:  8    Str: 16    XL:     3   Next: 96%
Magic:  3/3        EV:  8    Int:  9    God:    Okawaru [......]
Gold:   87         SH:  9    Dex: 13    Spells: 2/2 levels left

rFire    . . .     SeeInvis .   a - +0 war axe
rCold    . . .     Gourm    .   c - +0 shield
rNeg     + . .     Faith    .   n - +3 ring mail
rPois    .         Spirit   .   (no helmet)
rElec    .         Reflect  .   (no cloak)
rCorr    .         Harm     .   (no gloves)
MR       .....     Rnd*Tele +   (no boots)
Stlth    +.........             (no amulet)
HPRegen  0.09/turn              j - ring of teleportation (curse)
MPRegen  0.08/turn              m - ring of positive energy

@: no status effects
A: spiny 1
a: Renounce Religion


You were on level 2 of the Dungeon.
You worshipped Okawaru.
Okawaru was noncommittal.
You were hungry.

You visited 1 branch of the dungeon, and saw 2 of its levels.

You collected 87 gold pieces.

Inventory:

Hand Weapons
 a - a +0 war axe (weapon)
Missiles
 o - 6 javelins (quivered)
Armour
 b - a +0 scale mail
 c - a +0 shield (worn)
 n - a +3 ring mail (worn)
Jewellery
 j - a cursed ring of teleportation (left hand)
 m - a ring of positive energy (right hand)
Scrolls
 h - 2 scrolls of identify {unknown}
 k - a scroll of remove curse {unknown}
Potions
 d - a potion of might
 e - 3 potions of curing
 l - a potion of ambrosia {unknown}
Comestibles
 f - 2 bread rations
 g - 2 meat rations
 i - 2 royal jellies


   Skills:
 + Level 3.3 Fighting
 + Level 2.4 Axes
 + Level 3.3 Armour
 + Level 3.2 Shields


You had 2 spell levels left.
You didn't know any spells.

Dungeon Overview and Level Annotations

Branches:
Dungeon (2/15)

Altars:
Okawaru

Annotations:
D:2 Terence


Innate Abilities, Weirdness & Mutations

You are partially covered in sharp spines.


Message History

* * * LOW HITPOINT WARNING * * *
You barely miss something. Something hits you.
* * * LOW HITPOINT WARNING * * *
You miss something. Something hits you but does no damage.
You closely miss something. Something hits you but does no damage.
Your shield and ring mail prevent you from hitting something.
Something hits you but does no damage. x2
You closely miss something.
You hear a zap.
A puff of flame appears from out of thin air!
You block the puff of flame.
You miss something.
You hear a zap.
A puff of flame appears from out of thin air!
The puff of flame hits you!
* * * LOW HITPOINT WARNING * * *
You hear a zap.
A puff of flame appears from out of thin air!
The puff of flame hits you!
You die...

#.# ........#####.# # #.#
#.........# # #.# #...####### #
#.# #...# # #.####### ##.## ##
##........ #.# ########.
.......... #(# #...>)...
##..#####. ######.######.#######
##..# #..{@.%....# #
##.)#####.###.####(###.# #
##.......... ..# #.## #
###(#####..# .# #### #... # # #(#
#..# .# #..# # ###.#####..# .#
######..####### ....(......# .#
#.............#
###†#####..##.###.####.w#####.###
#.# ##...............# #†##.


There were no monsters in sight!

Vanquished Creatures
  An adder (D:2)
  A gnoll (D:1)
  A worm (D:2)
  A leopard gecko (D:2)
  7 giant cockroaches
  5 goblins
  3 hobgoblins (D:1)
  9 bats
  6 kobolds
  5 rats (D:2)
39 creatures vanquished.

Notes
Turn   | Place    | Note
-------+----------+-------------------------------------------
     0 | D:1      | slep the Demonspawn Fighter began the quest for the Orb.
     0 | D:1      | Reached XP level 1. HP: 18/18 MP: 1/1
    12 | D:1      | Gained mutation: You are partially covered in sharp spines. [demonic ancestry]
    12 | D:1      | Reached XP level 2. HP: 21/24 MP: 2/2
   370 | D:1      | Reached XP level 3. HP: 29/29 MP: 3/3
   629 | D:2      | Found a faded altar of an unknown god.
   659 | D:2      | Found an iron altar of Okawaru.
   667 | D:2      | Became a worshipper of Warmaster Okawaru
  1006 | D:2      | Noticed Terence
  1015 | D:2      | HP: 1/29 [something (7)]
  1024 | D:2      | Killed from afar by Terence

Vault maps used:
D:1:      zelgadis_glass_arrival_small
D:2:      chequers_ecumenical_altar_twisty, okawaru_trees_1, uniq_terence

Skill      XL: |  1  2 |
---------------+-------+-----
Shields        | 3 |  3.2
Axes           | 2 |  2.4
Armour         | 3 |  3.3
Fighting       | |  3.3

Action                   || total
-------------------------++-------
Melee: War axe           ||   103
  Use: Potion            ||     1
Armor: Scale mail        ||    18
       Ring mail         ||    27
Dodge: Dodged            ||    29
Block: Shield            ||    60

Table legend:
 A = Spawn XP
 B = Non-spawn XP
 C = Spawn XP percentage of total XP
 D = Spawn monster count
 E = Non-spawn monster count
 F = Spawn count percentage of total count
 G = Total turns spent on level
                    A         B        C        D         E        F      G
               +---------+---------+-------+---------+---------+-------+---------
         Total |       0 |      95 |   0.0 |       0 |      39 |   0.0 |  1024
               +---------+---------+-------+---------+---------+-------+---------
           D:1 |       0 |      45 |   0.0 |       0 |      18 |   0.0 |   539
           D:2 |       0 |      50 |   0.0 |       0 |      21 |   0.0 |   485
               +---------+---------+-------+---------+---------+-------+---------
